 Dungeon Crawl Stone Soup version 0.31-a0-265-gcf7e37af1d (webtiles) character file.

Game seed: 14851026227694597926

84 qw the Shooter (level 4, -3/36 HPs)
             Began as a Minotaur Hexslinger on July 13, 2023.
             Slain by a gnoll
             ... wielding a +0 spear
              (4 damage)
             ... on level 2 of the Dungeon.
             The game lasted 00:00:32 (1609 turns).

qw the Shooter (Minotaur Hexslinger)                Turns: 1609, Time: 00:00:33

Health: -3/36      AC:  6    Str: 13    XL:     4   Next: 24%
Magic:  4/4        EV: 11    Int: 10    God:
Gold:   101        SH:  0    Dex: 14    Spells: 4/5 levels left

rFire   . . .        Y - +1 sling
rCold   . . .        (no shield)
rNeg    . . .        d - +0 ring mail
rPois   .            (helmet restricted)
rElec   .            (no cloak)
rCorr   .            (no gloves)
SInv    .            g - +0 pair of boots
Will    .....        (no amulet)
Stlth   +            (no ring)
HPRegen 0.26/turn    (no ring)
MPRegen 0.09/turn

%: no passive effects
@: no status effects
A: horns 2, retaliatory headbutt
a: no special abilities


You were on level 2 of the Dungeon.
You visited 1 branch of the dungeon, and saw 2 of its levels.

You collected 101 gold pieces.


Innate Abilities, Weirdness & Mutations

You have a pair of horns on your head.
You reflexively headbutt those who attack you in melee.


   Skills:
 - Level 2.0 Fighting
 + Level 4.5 Ranged Weapons
 - Level 1.2 Armour
 - Level 2.1 Dodging
 - Level 1.0 Spellcasting
 - Level 2.0 Hexes


You had 4 spell levels left.
You knew the following spells:

 Your Spells              Type           Power      Damage    Failure   Level
a - Slow                  Hex            16%        N/A       32%         1

Your spell library contained the following spells:

 Spells                   Type           Power      Damage    Failure   Level
 Inner Flame              Hex/Fire       2%         N/A       82%         3
 Portal Projectile        Hex/Tloc       4%         N/A       82%         3
 Cause Fear               Hex            2%         N/A       97%         4

Inventory:

Hand Weapons
 Y - a +1 sling (weapon)
Armour
 d - a +0 ring mail (worn)
 g - a +0 pair of boots (worn)
 k - a +2 pair of gloves
Scrolls
 a - 2 scrolls of identify
 c - a scroll of immolation {unknown}
 e - a scroll of enchant weapon {unknown}
 h - a scroll of butterflies {unknown}
 i - 3 scrolls of revelation {unknown}
 l - a scroll of silence {unknown}
 m - a scroll of noise {unknown}
Potions
 b - a potion of heal wounds {unknown}
 f - a potion of attraction {unknown}
 j - a potion of berserk rage {unknown}

Dungeon Overview and Level Annotations

Branches:
Dungeon (2/15)

Altars:


Message History

You shoot a sling bullet. The sling bullet hits the gnoll.
The gnoll is moderately wounded.
The gnoll closely misses you.
A goblin comes into view. It is wielding a +0 club.
The gnoll hits you but does no damage.
You shoot a sling bullet. The goblin shouts!
The sling bullet hits the gnoll.
The gnoll is heavily wounded.
The gnoll hits you but does no damage. The gnoll closely misses you.
You shoot a sling bullet.
The sling bullet closely misses the gnoll.
The sling bullet hits the gnoll but does no damage.
The gnoll is severely wounded.
The gnoll hits you from afar with a +0 spear.
The gnoll hits you with a +0 club. The gnoll misses you.
The gnoll hits you from afar with a +0 spear.
You shoot a sling bullet. The sling bullet hits the gnoll.
You kill the gnoll!
The gnoll hits you from afar with a +0 spear.
You shoot a sling bullet. The sling bullet hits the gnoll.
The gnoll is lightly wounded.
The gnoll barely misses you. The gnoll misses you.
You shoot a sling bullet.
The sling bullet closely misses the gnoll. x2
The gnoll hits you from afar with a +0 spear.
The gnoll barely misses you.
You shoot a sling bullet. The sling bullet hits the gnoll.
The gnoll is lightly wounded.
The gnoll hits you but does no damage.
The gnoll hits you with a +1 flail of protection!
The gnoll closely misses you.
The gnoll hits you from afar with a +0 spear.
You shoot a sling bullet.
The sling bullet closely misses the gnoll.
The sling bullet hits the gnoll but does no damage.
The gnoll is heavily wounded.
The gnoll hits you with a +1 flail of protection!
The gnoll hits you from afar with a +0 spear.
You die... ######'#... .##<.............# .##..............# .##........ .....# .'......... ....# .##........ w..## ########... gg.

##......... #g#
##.######## #@#
##.# #.# ...# #.#
...# #.#
...#############)#
.................#
...###############
...###############
.................#


You could see 2 gnolls, a dart slug and a goblin.

Vanquished Creatures
  2 gnolls (D:2)
  3 adders (D:2)
  A dart slug (D:2)
  4 endoplasms
  3 goblins
  2 hobgoblins (D:2)
  3 kobolds
  4 quokkas
  2 ball pythons (D:2)
  5 bats
  A frilled lizard (D:1)
  7 rats
37 creatures vanquished.

Notes
Turn   | Place    | Note
-------+----------+-------------------------------------------
     0 | D:1      | qw the Minotaur Hexslinger began the quest for the Orb.
     0 | D:1      | Reached XP level 1. HP: 16/16 MP: 1/1
     0 | D:1      | 0 ||| qw: Version: 0.3-a-52-g30416fa
     0 | D:1      | 0 ||| qw: Game counter: 7623
     0 | D:1      | 0 ||| qw: Melee chars always use a shield: true
     0 | D:1      | 0 ||| qw: God list: Okawaru
     0 | D:1      | 0 ||| qw: Allow faded altars: false
     0 | D:1      | 0 ||| qw: Do Orc after clearing Dungeon:15 true
     0 | D:1      | 0 ||| qw: Do second Lair branch before Depths: true
     0 | D:1      | 0 ||| qw: Lair rune preference: random
     0 | D:1      | 0 ||| qw: Goals: Normal
     0 | D:1      | 0 ||| PLANNING D:1-11
   347 | D:1      | Found a faded altar of an unknown god.
   362 | D:1      | Reached skill level 3 in Ranged Weapons
   370 | D:1      | Reached XP level 2. HP: 23/23 MP: 2/2
   690 | D:1      | 690 ||| UPGRADING to +0 ring mail.
   700 | D:1      | 700 ||| DROPPING +0 robe.
   701 | D:1      | 701 ||| UPGRADING to +0 pair of boots.
   706 | D:1      | 706 ||| READING 2 scrolls labelled BIAROE QIKKI.
   707 | D:1      | 707 ||| DROPPING scroll of poison.
  1068 | D:2      | Reached XP level 3. HP: 26/29 MP: 3/3
  1294 | D:2      | Reached skill level 4 in Ranged Weapons
  1301 | D:2      | Reached skill level 1 in Armour
  1586 | D:2      | Reached XP level 4. HP: 34/36 MP: 4/4
  1608 | D:2      | HP: 9/36 [gnoll/+0 spear (1)]
  1609 | D:2      | HP: 1/36 [gnoll/+1 flail of protection (9)]
  1609 | D:2      | Slain by a gnoll

Levels and vault maps discovered:
D:1:      spicycebolla_arrival_clurvy, layout_basic,
          shapermc_ecumenical_altar_totnotflames, nicolae_eternal_life,
          minmay_misc_feat_x, minivault_11, minmay_misc_feat_enclosed
D:2:      layout_basic

Skill      XL: |  1  2  3 |
---------------+----------+-----
Ranged Weapons | 3 4 |  4.5
Fighting       | 2 |  2.0
Armour         | 1 |  1.2
Dodging        | |  2.1
Spellcasting   | |  1.0
Hexes          | |  2.0

Action                     |  1- 3 |  4- 6 || total
---------------------------+-------+-------++-------
   Fire: Sling             |   110 |    13 ||   123
    Use: Scroll            |     1 |       ||     1
 Armour: Robe              |     4 |       ||     4
         Ring mail         |    19 |     5 ||    24
  Dodge: Dodged            |    35 |     7 ||    42

Table legend:
 A = Non-vault XP
 B = Vault XP
 C = Vault XP percentage of total XP
 D = Non-vault monster count
 E = Vault monster count
 F = Vault count percentage of total count
                 A         B        C        D         E       F
            +---------+---------+-------+---------+---------+-------
      Total |     121 |       0 |   0.0 |      37 |       0 |   0.0
            +---------+---------+-------+---------+---------+-------
        D:1 |      15 |       0 |   0.0 |       9 |       0 |   0.0
        D:2 |     106 |       0 |   0.0 |      28 |       0 |   0.0
            +---------+---------+-------+---------+---------+-------
